 Dungeon Crawl Stone Soup version 0.22.1-1-ga44c0e5 (webtiles) character file.

698 magicm the Slasher (level 7, -3/55 HPs)
             Began as a Human Fighter on Nov 10, 2018.
             Killed from afar by an orc wizard (5 damage)
             ... with a magic dart
             ... on level 5 of the Dungeon.
             The game lasted 00:14:09 (2607 turns).

magicm the Slasher (Human Fighter)                  Turns: 2607, Time: 00:14:10

Health: -3/55      AC: 14    Str: 21    XL:     7   Next: 97%
Magic:  7/7        EV:  6    Int: 11    God:
Gold:   162        SH: 10    Dex: 12    Spells: 6/6 levels left

rFire    . . .     SeeInvis .   a - +0 long sword
rCold    . . .     Gourm    .   c - +0 shield
rNeg     . . .     Faith    .   e - +2 chain mail
rPois    .         Spirit   .   o - +0 helmet
rElec    .         Reflect  .   (no cloak)
rCorr    .         Harm     .   (no gloves)
MR       .....                  k - +0 pair of boots
Stlth    ..........             (no amulet)
HPRegen  0.18/turn              (no ring)
MPRegen  0.10/turn              (no ring)

@: mighty, flying
A: no striking features
a: no special abilities


You were on level 5 of the Dungeon.
You were not hungry.

You visited 1 branch of the dungeon, and saw 5 of its levels.

You collected 162 gold pieces.

Inventory:

Hand Weapons
 a - a +0 long sword (weapon)
 m - a +0 dire flail of holy wrath
Armour
 b - a +0 scale mail
 c - a +0 shield (worn)
 e - a +2 chain mail (worn)
 k - a +0 pair of boots (worn)
 o - a +0 helmet (worn)
Wands
 j - a wand of iceblast (6)
Scrolls
 g - a scroll of teleportation
 h - 2 scrolls of remove curse
Potions
 d - a potion of might
 i - a potion of magic
Comestibles
 f - 7 rations


   Skills:
 + Level 4.3 Fighting
 + Level 5.3 Long Blades
 + Level 4.4 Armour
 + Level 1.2 Dodging
 + Level 0.2 Stealth
 + Level 4.9 Shields


You had 6 spell levels left.
You didn't know any spells.
Your spell library was empty.

Dungeon Overview and Level Annotations

Branches:
Dungeon (5/15)
 Temple: D:4-7

Altars:
Ashenzari
Cheibriados
Elyvilon
Gozag
Sif Muna
Wu Jian

Shops:
D:4 ([%[[   D:5 }


Message History

* * * LOW HITPOINT WARNING * * *
You feel very mighty all of a sudden. Something hits you but does no damage.
You block something's attack.
Your chain mail prevents you from hitting something.
Something hits you but does no damage. x2
You closely miss something. Something hits you but does no damage.
You hear some strange, mumbled words.
A magic dart appears from out of thin air!
The magic dart hits you!
* * * LOW HITPOINT WARNING * * *
It was a potion of flight.
You feel very buoyant.
You fly up into the air.
You block something's attack.
Things that are here:
a dagger; a robe You reach down and open the door.
Found a dagger.
A magic dart appears from out of thin air!
The magic dart hits you!
You die...

#...........### #.#
#####.####### #.# #.#
#.# ##+# #o# #...#
#.# .....# ###.#
......# ##§#.###
.......####§§....###
.......@.{§§§§§......
.......####§.§##.####
..)...# ##§###.###
.....# #§§...o..
#.... #.###.### ####
#...# #).... #...###
##.##


There were no monsters in sight!

Vanquished Creatures
  Sigmund (D:2)
  Menkaure (D:4)
  A centaur (D:3)
  Blork the orc (D:4)
  An orc wizard (D:5)
  Terence (D:2)
  Ijyb (D:4)
  3 worker ants
  5 adders
  2 oozes
  5 dart slugs
  A leopard gecko (D:2)
  A ball python (D:3)
  5 giant cockroaches
  3 goblins
  5 hobgoblins
  15 jackals
  4 kobolds
  5 bats (D:1)
  7 frilled lizards
  6 rats
74 creatures vanquished.

Notes
Turn   | Place    | Note
-------+----------+-------------------------------------------
     0 | D:1      | magicm the Human Fighter began the quest for the Orb.
     0 | D:1      | Reached XP level 1. HP: 18/18 MP: 1/1
    45 | D:1      | Reached XP level 2. HP: 6/24 MP: 2/2
   171 | D:1      | Reached XP level 3. HP: 17/29 MP: 3/3
   552 | D:2      | Reached XP level 4. HP: 29/35 MP: 4/4
   595 | D:2      | Noticed Sigmund
   606 | D:2      | Killed Sigmund
   606 | D:2      | Reached skill level 3 in Long Blades
   606 | D:2      | Reached skill level 1 in Dodging
   606 | D:2      | Reached XP level 5. HP: 34/42 MP: 5/5
   606 | D:2      | Reached XP level 6. HP: 39/48 MP: 6/6
   669 | D:2      | Found a deep blue altar of Sif Muna.
   671 | D:2      | Noticed Terence
   698 | D:2      | Killed Terence
   711 | D:2      | Found an ornate altar of the Wu Jian Council.
   848 | D:2      | Reached skill level 4 in Long Blades
  1127 | D:2      | You fall through a shaft for 2 floors!
  1207 | D:4      | Found Intemm's Armour Boutique.
  1208 | D:4      | Found Juikekes's Armour Shop.
  1209 | D:4      | Found Dumurr's Antique Weapon Shoppe.
  1272 | D:4      | Found Affu's Food Emporium.
  1305 | D:4      | Noticed Ijyb
  1327 | D:3      | Reached XP level 7. HP: 47/54 MP: 7/7
  1672 | D:3      | Found an opulent altar of Gozag.
  1782 | D:3      | Found a snail-covered altar of Cheibriados.
  1971 | D:4      | Killed Ijyb
  1993 | D:4      | Noticed Menkaure
  2003 | D:4      | Killed Menkaure
  2003 | D:4      | Reached skill level 5 in Long Blades
  2004 | D:4      | Found Tyruw's Armour Shop.
  2077 | D:4      | Found a white marble altar of Elyvilon.
  2078 | D:4      | Noticed Blork the orc
  2087 | D:4      | Killed Blork the orc
  2288 | D:4      | Found a shattered altar of Ashenzari.
  2394 | D:5      | Entered Level 5 of the Dungeon
  2433 | D:5      | Found Wogiusez's Gadget Emporium.
  2600 | D:5      | HP: 1/55 [something/magic dart (9)]
  2607 | D:5      | Killed from afar by an orc wizard

Skill      XL: |  1  2  3  4  5  6  7 |
---------------+----------------------+-----
Long Blades    | 3 4 5 |  5.3
Dodging        | 1 |  1.2
Fighting       | 4 |  4.3
Shields        | 4 |  4.9
Armour         | 4 |  4.4
Stealth        | |  0.2

Action                   |  1- 3 |  4- 6 |  7- 9 || total
-------------------------+-------+-------+-------++-------
Melee: Long sword        |    93 |   135 |   106 ||   334
  Use: Scroll            |     7 |     3 |     6 ||    16
       Potion            |       |       |     2 ||     2
 Stab: Fleeing           |       |       |     1 ||     1
  Eat: Ration            |       |     1 |     1 ||     2
Armor: Scale mail        |    64 |       |       ||    64
       Chain mail        |    15 |    62 |    76 ||   153
Dodge: Dodged            |    38 |    25 |    22 ||    85
Block: Shield            |    74 |    60 |    57 ||   191
       Rpst.: Long sword |    11 |     9 |     9 ||    29
